AoeStats
← AltF4

Arabia

509443433Analyzed
2v2 RM · 6d ago on Sep 26, 2026· 64m 2s· 4 players
Game mode
Random Map
Map size
Medium (4 player)
Population
200
Speed
Normal
Resources
Standard
Victory
Conquest
Starting age
Dark Age
Ending age
Imperial Age
RankedLock teamsTeams togetherTeam positionsShared explorationLock speedFull tech treeHidden civsTurbo modeCheats
Victory
Defeat
🇦🇷 Shu · Argentina
1118
+14
🇦🇷 Gurjaras · Argentina
1097
+14
🇨🇳 Spanish · China
1087
-15
🇫🇷 Poles · France
1050
-13
阿森
11:05 Feudal Age
11:21 Loom
12:17 Double-Bit Axe
12:16 Horse Collar
20:43 Castle Age
19:33 Bloodlines
19:37 Padded Archer Armor
20:51 Fletching
21:41 Bow Saw
21:34 Heavy Plow
22:39 Leather Archer Armor
24:32 Bodkin Arrow
26:26 Husbandry
28:39 Wheelbarrow
27:49 Town Watch
32:09 Scale Barding Armor
49:41 Pikeman
52:44 Elite Skirmisher
53:31 Thumb Ring
53:29 Scale Mail Armor
53:41 Forging
54:06 Squires
53:52 Gambesons
53:54 Arson
58:22 Iron Casting
59:43 Hand Cart
59:14 Town Watch
63:03 Chain Mail Armor
64:31 Ballistics
RoW '_^ . 3
5:33 Loom
9:43 Feudal Age
13:27 Double-Bit Axe
16:11 Horse Collar
19:24 Castle Age
23:33 Castle Age
28:11 Town Watch
29:09 Bow Saw
30:45 Heavy Plow
31:12 Gold Mining
32:07 Town Patrol
32:01 Stone Mining
33:07 Wheelbarrow
35:04 Stone Shaft Mining
34:44 Szlachta Privileges
36:00 Bloodlines
35:54 Husbandry
36:07 Forging
36:02 Scale Barding Armor
39:34 Iron Casting
39:20 Chain Barding Armor
45:32 Imperial Age
45:39 Cavalier
47:21 Blast Furnace
47:51 Conscription
53:02 Scale Mail Armor
52:53 Fletching
53:03 Padded Archer Armor
53:27 Ballistics
52:49 Treadmill Crane
53:34 Hand Cart
53:36 Elite Skirmisher
54:21 Thumb Ring
54:17 Bodkin Arrow
59:05 Elite Obuch
60:04 Chain Mail Armor
59:49 Bracer
60:04 Leather Archer Armor
AltF4
6:28 Loom
10:21 Feudal Age
11:17 Double-Bit Axe
16:09 Fletching
19:35 Castle Age
20:18 Bodkin Arrow
21:55 Crossbowman
23:53 Bow Saw
24:43 Padded Archer Armor
26:39 Thumb Ring
27:34 Gold Mining
29:50 Leather Archer Armor
30:00 Ballistics
31:45 Wheelbarrow
38:43 Imperial Age
40:05 Bracer
40:33 Arbalester
42:35 Chemistry
43:01 Bolt Magazine
45:58 Ring Archer Armor
47:34 Hand Cart
50:32 Murder Holes
50:43 Siege Engineers
53:21 Gold Shaft Mining
61:50 Conscription
62:24 Town Watch
GeoOmar
8:44 Feudal Age
7:36 Loom
13:10 Castle Age
12:57 Double-Bit Axe
22:13 Fervor
22:26 Sanctity
26:21 Horse Collar
30:46 Town Watch
31:40 Wheelbarrow
35:03 Hand Cart
39:50 Imperial Age
38:46 Redemption
39:59 Siege Elephant
42:28 Heavy Plow
42:41 Bow Saw
43:25 Scale Barding Armor
43:33 Forging
43:58 Bloodlines
43:49 Husbandry
43:48 Heavy Camel Rider
46:26 Chain Barding Armor
50:01 Plate Barding Armor
49:41 Gold Mining
49:42 Stone Mining
51:29 Iron Casting
52:15 Gold Shaft Mining
52:58 Elite Shrivamsha Rider
54:03 Conscription
53:50 Kshatriyas
58:12 Frontier Guards
57:50 Fletching
58:00 Padded Archer Armor
58:37 Crop Rotation
62:08 Hoardings
62:17 Bodkin Arrow
62:38 Leather Archer Armor
63:01 Thumb Ring
Connection lost

Rejoining the realm…

Still unreachable

The connection could not be restored.

Session expired

The server has moved on; the page needs a fresh start.